 Dungeon Crawl Stone Soup version 0.29.1-13-g9f3cf754e1 (webtiles) character file.

Game seed: 9014585584881264174

120836 protoss039 the Eclecticist (level 16, -17/131 HPs)
             Began as a Demonspawn Earth Elementalist on Feb 9, 2023.
             Was a High Priest of Vehumet.
             Shot with a bolt by Vashnia (28 damage)
             ... on level 3 of the Snake Pit.
             The game lasted 01:50:24 (33566 turns).

protoss039 the Eclecticist (DsEE)                  Turns: 33566, Time: 01:50:25

Health: -17/131    AC: 18    Str: 16    XL:     16   Next: 31%
Magic:  0/35       EV: 13    Int: 32    God:    Vehumet [*****.]
Gold:   2138       SH: 12    Dex: 20    Spells: 5/45 levels left

rFire   + . .      SeeInvis +   Z - +5 dagger "Fokh" {elec, Str+2 Int+2 Dex+2}
rCold   + . .      Faith    .   M - +0 buckler
rNeg    + . .      Spirit   +   m - +2 robe {Will+}
rPois   +          Reflect  +   t - +0 helmet
rElec   .          Harm     .   B - scarf {rC+ rF+}
rCorr   .          Rampage  .   n - +0 pair of gloves
Will    ++...                   (boots unavailable)
Stlth   +++.......              a - amulet "Naokonym" {Reflect Int+2 Dex+3 SH+5}
HPRegen 0.31/turn               f - ring "Zaestrees" {rN+ Str+4 Int+5 Dex-3}
MPRegen 0.48/turn               X - ring of the Morning {rPois Dex+4 SInv}

@: sanguine armoured, studying Shields
A: hooves 3, magic shield, magic regeneration, sanguine armour 3, demonic magic
2, corrupting presence 1
a: Renounce Religion


You were on level 3 of the Snake Pit.
You worshipped Vehumet.
Vehumet was extremely pleased with you.
You visited 5 branches of the dungeon, and saw 26 of its levels.
You also visited: Sewer, Bailey, Gauntlet and Volcano.

You collected 2783 gold pieces.
You spent 645 gold pieces at shops.

Inventory:

Hand Weapons
 J - a +3 scimitar of flaming
 L - the +7 spear "Oryw" {pain, rC+ Str+8}
   (You bought it in a shop on level 2 of the Dungeon)

   In the hands of one skilled in necromantic magic, it inflicts extra damage on
   living creatures.
   Str:       It affects your strength (+8).
   rC:        It protects you from cold.
 Z - the +5 dagger "Fokh" (weapon) {elec, Str+2 Int+2 Dex+2}
   (You found it in a Gauntlet)

   It occasionally discharges a powerful burst of electricity upon striking a
   foe.
   Str:       It affects your strength (+2).
   Int:       It affects your intelligence (+2).
   Dex:       It affects your dexterity (+2).
Armour
 m - a +2 robe of willpower (worn)
 n - a +0 pair of gloves (worn)
 t - a +0 helmet (worn)
 B - a scarf of resistance (worn)
 E - a +1 cloak of stealth
 M - a +0 buckler (worn)
 N - a scarf of repulsion
Magical Staves
 O - a staff of conjuration
Jewellery
 a - the amulet "Naokonym" (around neck) {Reflect Int+2 Dex+3 SH+5}
   (You found it in a Gauntlet)

   [amulet of reflection]

   It reflects blocked missile attacks.
   Int:       It affects your intelligence (+2).
   Dex:       It affects your dexterity (+3).
   SH:        It affects your SH (+5).
 e - a ring of protection from cold
 f - the ring "Zaestrees" (left hand) {rN+ Str+4 Int+5 Dex-3}
   (You found it on level 3 of the Lair of Beasts)

   [ring of positive energy]

   Str:       It affects your strength (+4).
   Int:       It affects your intelligence (+5).
   Dex:       It affects your dexterity (-3).
   rN:        It protects you from negative energy.
 u - a ring of wizardry
 w - a ring of willpower
 y - a ring of magical power
 z - a ring of protection from fire
 U - a ring of resist corrosion
 X - the ring of the Morning (right hand) {rPois Dex+4 SInv}
   (You took it off a minotaur in a Gauntlet)

   [ring of see invisible]

   Dex:       It affects your dexterity (+4).
   rPois:     It protects you from poison.
   SInv:      It lets you see invisible.
Wands
 C - a wand of charming (22)
 P - a wand of mindburst (14)
 S - a wand of roots (17)
 Y - a wand of digging (11)
Scrolls
 g - 2 scrolls of torment
 h - 3 scrolls of immolation
 i - 11 scrolls of blinking
 j - 19 scrolls of teleportation
 q - 8 scrolls of poison
 s - 5 scrolls of enchant weapon
 v - a scroll of brand weapon
 A - 2 scrolls of fear
 D - a scroll of magic mapping
 G - 2 scrolls of summoning
 H - a scroll of amnesia
 I - 5 scrolls of enchant armour
 K - 4 scrolls of butterflies
Potions
 b - 2 potions of magic
 c - 6 potions of brilliance
 k - 2 potions of lignification
 l - 12 potions of heal wounds
 o - 5 potions of mutation
 r - 5 potions of flight
 x - a potion of invisibility
 F - 3 potions of cancellation
 Q - a potion of haste
 R - 4 potions of might
 T - a potion of berserk rage
 V - 12 potions of curing
Miscellaneous
 p - a condenser vane


   Skills:
 - Level 13.3 Fighting
 - Level 3.0 Dodging
 - Level 3.0 Stealth
 - Level 9.0 Shields
 + Level 15.4 Spellcasting
 - Level 13.1 Conjurations
 - Level 5.1 Necromancy
 - Level 3.0 Transmutations
 - Level 3.0 Air Magic
 - Level 12.6 Earth Magic
 - Level 3.0 Poison Magic


You had 5 spell levels left.
You knew the following spells:

 Your Spells              Type           Power      Damage    Failure   Level
a - Sandblast             Erth           100%       2d20      0%          1
b - Passwall              Tmut/Erth      54%        N/A       1%          2
c - Stone Arrow           Conj/Erth      100%       3d13      1%          3
e - Iskenderun's Mystic   Conj/Tloc      61%        2d13      1%          4
f - Olgreb's Toxic Radia  Pois           43%        N/A       1%          4
g - Mephitic Cloud        Conj/Pois/Air  60%        N/A       1%          3
h - Freezing Cloud        Conj/Ice/Air   28%        6-21      1%          5
i - Borgnjor's Vile Clut  Necr/Erth      34%        N/A       1%          5
j - Iron Shot             Conj/Erth      41%        9d8       1%          6
m - Ozocubu's Refrigerat  Ice            12%        4d10      98%         7

Your spell library contained the following spells:

 Spells                   Type           Power      Damage    Failure   Level
 Magic Dart               Conj           100%       1d8       0%          1
 Searing Ray              Conj           100%       2d8       0%          2
 Beastly Appendage        Tmut           86%        N/A       1%          1
 Necrotise                Necr           100%       1d9       1%          1
 Sting                    Tmut/Pois      100%       1d8       1%          1
 Poisonous Vapours        Pois/Air       86%        N/A       1%          2
 Scorch                   Fire           48%        2d7       1%          2
 Static Discharge         Conj/Air       66%        3-12/arc  1%          2
 Wereblood                Tmut           43%        N/A       1%          2
 Conjure Flame            Conj/Fire      61%        6-21      1%          3
 Ignite Poison            Fire/Tmut/Pois 37%        N/A       1%          3
 Spider Form              Tmut/Pois      43%        N/A       1%          3
 Vampiric Draining        Necr           55%        2d9       1%          3
 Flame Wave               Conj/Fire      61%        2d14      1%          4
 Fulminant Prism          Conj/Hex       30%        3d16      1%          4
 Leda's Liquefaction      Hex/Erth       30%        N/A       1%          4
 Petrify                  Tmut/Erth      65%        N/A       1%          4
 Sticky Flame             Conj/Fire      61%        2d8       1%          4
 Lee's Rapid Deconstruct  Erth           40%        3d21*     1%          5
 Lightning Bolt           Conj/Air       33%        1d50      1%          5
 Animate Dead             Necr           55%        N/A       2%          4
 Call Imp                 Summ           24%        N/A       3%          2
 Call Canine Familiar     Summ           24%        N/A       6%          3
 Confusing Touch          Hex            24%        N/A       6%          3
 Ozocubu's Armour         Ice            24%        N/A       6%          3
 Portal Projectile        Hex/Tloc       48%        N/A       6%          3
 Tukima's Dance           Hex            24%        N/A       6%          3
 Agony                    Necr           55%        N/A       8%          5
 Yara's Violent Unravell  Hex/Tmut       17%        3d8       9%          5
 Blade Hands              Tmut           21%        N/A       17%         5
 Metabolic Englaciation   Hex/Ice        12%        N/A       52%         5
 Summon Forest            Summ/Tloc      12%        N/A       52%         5
 Conjure Ball Lightning   Conj/Air       33%        3x3d11    3%          6
 Eringya's Noxious Bog    Tmut/Pois      21%        N/A       24%         6
 Death Channel            Necr           27%        N/A       38%         6
 Simulacrum               Ice/Necr       20%        N/A       75%         6
 Summon Cactus Giant      Summ           12%        N/A       97%         6
 Enfeeble                 Hex            12%        N/A       100%        7
 Summon Hydra             Summ           12%        N/A       100%        7
 Maxwell's Capacitive Co  Air            21%        ∞         100%        8


Dungeon Overview and Level Annotations

Branches:
Dungeon (15/15) Zot: 26447  Temple (1/1) D:6 Zot: 5931    Lair (5/5) D:9 Zot: 22816
  Swamp (0/4) Lair:2        Snake (3/4) Lair:2 Zot: 15087   Slime (0/5) Lair:4
    Orc (2/2) D:12 Zot: 9685     Elf (0/3) Orc:2        Vaults (0/5) D:13
  Sewer (visited)          Bailey (visited)         Volcano (visited)
Gauntlet (visited)
 Depths: D:15

Altars:
Ashenzari
Cheibriados
Dithmenos
Fedhas
Gozag
Hepliaklqana
Kikubaaqudgha
Makhleb
Nemelex Xobeh
Okawaru
Qazlal
Ru
Sif Muna
Trog
Uskayaw
Vehumet
Wu Jian
Xom
Yredelemnul
Jiyva
Lugonu

Shops:
D:2 (   D:4 *   D:5 *   Orc:2 ((!(   Snake:1 (*

Portals:
Abyss: Lair:5

Annotations:
Snake:1 3 runed translucent doors, exclusion: obsidian statue, t4s4d4r's ghost, adept DjEE
Snake:3 Vashnia


Innate Abilities, Weirdness & Mutations

You have hooves in place of feet.
When hurt, damage is shared between your health and your magic reserves.
You regenerate magic rapidly.
When seriously injured, your blood forms very thick armour. (AC +12)
Spells you cast may paralyse nearby enemies.
Your presence sometimes corrodes those you injure.


Message History

The bolt hits Vashnia!!
The shock serpent shoots out a bolt of lightning at you!
The bolt of electricity hits you!
Unknown command.
Unknown command.
Unknown command.
Unknown command.
As you read the scroll of summoning, it crumbles to dust.
Wisps of shadow whirl around you...
The zombie hands constrict Vashnia!
The zombie hands constrict the naga sharpshooter!!
You kill the naga sharpshooter!
Vehumet accepts your kill.
You feel your power returning.
The zombie hands constrict the naga sharpshooter!
You block the shock serpent's attack.
The naga sharpshooter struggles to escape constriction.
The naga sharpshooter spits poison at you.
The splash of poison hits you but does no damage.
You resist.
Vashnia is engulfed in freezing vapours.
Vashnia shoots a bolt.
The bolt hits you!!
* * * LOW HITPOINT WARNING * * *
Unknown command.
Unknown command.
The zombie hands constrict Vashnia!
The zombie hands constrict the naga sharpshooter!
The shock serpent shoots out a bolt of lightning at you!
The bolt of electricity hits you!
* * * LOW HITPOINT WARNING * * *
The bolt of electricity hits your black mamba!!
The bolt of electricity hits your black mamba!
The bolt of electricity hits you!
* * * LOW HITPOINT WARNING * * *
The naga sharpshooter unwields a +0 flail.
The naga sharpshooter wields a +0 shortbow.
The naga sharpshooter shoots an arrow.
The arrow hits you.
* * * LOW HITPOINT WARNING * * *
Vashnia is engulfed in freezing vapours.
Vashnia shoots a bolt.
The bolt hits you!!
You die...

....###########.#####.#
...(....##.......##...#
.......##.......##(..#
#....##.......##...#
##+####...###+##...######
...........##.##....#####
.N......S.............##.
.NN§...S..............'..
§§§§....@S............##.
§§§§..................##.
#########################


You could see Vashnia (clutched), 2 naga sharpshooters, a shock serpent (ally
target), a friendly shock serpent (summoned) and a friendly black mamba
(summoned).

Vanquished Creatures
  Mlioglotl (Snake:1)
  Kirke (Snake:1)
  2 nagarajas
  A balrug (Gauntlet)
  The ghost of burt the Thaumaturge, a journeyman DrCj of Vehumet (Orc:1)
  The ghost of gargbit the Skirmisher, a journeyman DgEE (Lair:3)
  Azrael (D:12)
  Snorg (Orc:2)
  2 minotaurs
  3 boulder beetles
  10 hydras
  3 vault guards (D:13)
  6 centaur warriors
  A catoblepas (Lair:3)
  An anaconda (shapeshifter) (Lair:5)
  3 naga warriors
  An anaconda (Snake:1)
  3 two-headed ogres (D:11)
  A jorogumo (shapeshifter) (Lair:5)
  3 orc high priests (Orc:2)
  9 naga sharpshooters
  8 death yaks
  3 thrashing horrors (Lair:5)
  A shock serpent (Snake:2)
  A hell knight (Volcano)
  A sixfirhy (Gauntlet)
  A deep troll (D:15)
  8 orc knights
  3 wizards (D:13)
  2 mana vipers
  A necromancer (D:13)
  4 ugly things
  5 salamanders
  2 large abominations (Lair:5)
  5 orc sorcerers (Orc:2)
  A moth of wrath (Gauntlet)
  An oklob plant (Lair:4)
  5 cyclopes
  A manticore (D:13)
  13 elephants
  A guardian serpent (shapeshifter) (D:14)
  18 black mambas
  8 cane toads
  4 molten gargoyles (Volcano)
  A smoke demon (Lair:5)
  3 naga magi
  3 gargoyles
  A kobold demonologist (D:9)
  2 unseen horrors (D:10)
  An efreet (Volcano)
  2 komodo dragons
  4 rime drakes
  2 komodo dragons (shapeshifter) (Lair:5)
  8 trolls
  An ancient zyme (Lair:5)
  4 polar bears
  A hornet (shapeshifter) (Lair:5)
  2 hornets
  Prince Ribbit (D:5)
  18 blink frogs
  13 slime creatures
  7 dream sheep (Lair:5)
  A centaur simulacrum (D:14)
  3 shadows (D:12)
  5 wyverns
  A water elemental (D:12)
  2 vampires
  8 basilisks
  5 wraiths
  A ynoxinul (Lair:5)
  A spriggan (Lair:5)
  19 humans
  A chaos spawn (Lair:5)
  3 hogs (Snake:1)
  3 fire elementals (D:12)
  2 steam dragons
  10 vampire mosquitoes
  43 yaks
  13 small abominations (Lair:5)
  The ghost of gargbit the Cutter, an amateur DsGl (D:3)
  The ghost of Sapher the Digger, an amateur MeEE (D:6)
  7 wargs
  14 nagas
  3 swamp worms (Lair:2)
  2 acid dragons
  3 hell hounds
  16 water moccasins
  28 orc warriors
  2 ice beasts
  2 black bears (D:9)
  21 wolves
  27 centaurs
  8 ogres
  4 kobold brigands
  2 phantoms (D:6)
  Blork the orc (D:4)
  13 bullfrogs
  2 gnoll sergeants
  5 scorpions
  A wight (D:10)
  8 killer bees
  A troll zombie (D:12)
  5 howler monkeys
  6 electric eels
  A gnoll bouda (Orc:2)
  4 hounds
  21 orc priests
  6 iguanas
  Ijyb (D:4)
  18 orc wizards
  5 ogre zombies (D:12)
  11 adders
  26 gnolls
  2 shadow imps
  A white imp (D:6)
  4 ufetubi (Gauntlet)
  2 worms
  83 orcs
  10 ball pythons
  5 endoplasms
  8 giant cockroaches
  5 goblins
  9 hobgoblins
  2 jackals (D:1)
  20 kobolds
  5 quokkas
  7 bats
  10 frilled lizards
  2 goblin skeletons (D:12)
  A goblin zombie (D:12)
  2 hobgoblin skeletons (D:12)
  An orc skeleton (D:12)
  13 orc zombies (D:12)
  6 rats
  A spectral hobgoblin (D:5)
822 creatures vanquished.

Vanquished Creatures (others)
  A killer bee (D:10)
  An orc priest (D:5)
  An orc (D:5)
  22 ball lightnings
  38 fungi
  112 plants
175 creatures vanquished.

Grand Total: 997 creatures vanquished

Notes
Turn   | Place    | Note
-------+----------+-------------------------------------------
     0 | D:1      | protoss039 the Demonspawn Earth Elementalist began the
                  | quest for the Orb.
     0 | D:1      | Reached XP level 1. HP: 13/13 MP: 3/3
    38 | D:1      | Reached skill level 1 in Transmutations
   259 | D:1      | Gained mutation: When seriously injured, your blood forms
                  | armour. (AC +12) [demonic ancestry]
   259 | D:1      | Reached XP level 2. HP: 14/20 MP: 5/5
   673 | D:1      | Reached skill level 1 in Fighting
  1157 | D:1      | Gained mutation: Spells you cast may paralyse adjacent
                  | enemies. [demonic ancestry]
  1157 | D:1      | Reached XP level 3. HP: 22/26 MP: 6/6
  1356 | D:1      | Learned a level 2 spell: Passwall
  1360 | D:1      | Learned a level 3 spell: Stone Arrow
  1897 | D:2      | Found Joxebiuq's Antique Weapon Shoppe.
  2028 | D:2      | Gained mutation: When seriously injured, your blood forms
                  | thick armour. (AC +12) [demonic ancestry]
  2028 | D:2      | Reached XP level 4. HP: 29/33 MP: 3/7
  2441 | D:3      | Reached skill level 1 in Conjurations
  2733 | D:3      | Found a hide-covered altar of Uskayaw.
  2894 | D:3      | Found a faded altar of an unknown god.
  2977 | D:3      | Found an ornate altar of the Wu Jian Council.
  3264 | D:3      | Reached XP level 5. HP: 32/38 MP: 9/9
  3369 | D:3      | Reached skill level 3 in Spellcasting
  3729 | D:4      | Found a blossoming altar of Fedhas.
  3745 | D:4      | Found a stormy altar of Qazlal.
  3913 | D:4      | Noticed Ijyb
  3964 | D:4      | Noticed Blork the orc
  3964 | D:4      | You fall into a shaft and drop 3 floors!
  4005 | D:7      | Gained mutation: You regenerate magic rapidly. [demonic
                  | ancestry]
  4005 | D:7      | Reached XP level 6. HP: 30/46 MP: 6/11
  4121 | D:6      | Found a runed translucent door.
  4158 | D:6      | Noticed Sapher's ghost (amateur MeEE)
  4180 | D:6      | Found a glowing drain.
  4223 | Sewer    | Entered a sewer
  4614 | Sewer    | Gained mutation: Spells you cast may paralyse nearby
                  | enemies. [demonic ancestry]
  4614 | Sewer    | Reached XP level 7. HP: 48/52 MP: 12/12
  4892 | D:5      | Entered Level 5 of the Dungeon
  4975 | D:5      | Reached skill level 4 in Spellcasting
  5003 | D:5      | Found Appikod's Neck Hole.
  5419 | D:5      | Found a hazy altar of Hepliaklqana.
  5741 | D:5      | Found a runed translucent gate.
  5742 | D:5      | Found a runed translucent gate.
  5743 | D:5      | Found a runed translucent gate.
  5743 | D:5      | Noticed gargbit's ghost (amateur DsGl)
  5754 | D:5      | Noticed Prince Ribbit
  5770 | D:5      | Killed Prince Ribbit
  5771 | D:5      | Reached skill level 5 in Earth Magic
  5771 | D:5      | Reached XP level 8. HP: 60/61 MP: 15/15
  5877 | D:5      | Learned a level 3 spell: Mephitic Cloud
  5945 | D:3      | Killed gargbit's ghost
  6005 | D:4      | Killed Blork the orc
  6143 | D:4      | Found Uvvel's CLEARANCE SALE!.
  6150 | D:4      | Bought 2 potions of heal wounds for 70 gold pieces
  6150 | D:4      | Bought a scroll of identify for 14 gold pieces
  6560 | D:6      | Reached skill level 5 in Spellcasting
  6562 | D:6      | Found a staircase to the Ecumenical Temple.
  6570 | D:6      | Reached skill level 1 in Poison Magic
  6574 | D:6      | Reached skill level 5 in Fighting
  6574 | D:6      | Reached skill level 1 in Air Magic
  6675 | Temple   | Entered the Ecumenical Temple
  6737 | Temple   | Became a worshipper of Vehumet
  7212 | D:6      | Killed Sapher's ghost
  7213 | D:6      | Reached skill level 5 in Conjurations
  7213 | D:6      | Gained mutation: When seriously injured, your blood forms
                  | very thick armour. (AC +12) [demonic ancestry]
  7213 | D:6      | Reached XP level 9. HP: 66/68 MP: 14/16
  7633 | D:7      | Identified the +1 scale mail of the Ancient Nights
                  | {*Corrode rElec rPois Str-5}
  8115 | D:7      | Learned a level 4 spell: Olgreb's Toxic Radiance
  8309 | D:8      | Found a basalt altar of Yredelemnul.
  8388 | D:8      | Reached * piety under Vehumet
  8388 | D:8      | Offered knowledge of Foxfire by Vehumet.
  8673 | D:8      | Noticed a troll
  8680 | D:8      | Killed a troll
  8681 | D:8      | Reached skill level 6 in Spellcasting
  8685 | D:8      | Found a flagged portal.
  8703 | Bailey   | Entered a bailey
  9018 | Bailey   | Gained mutation: You have large cloven feet. [demonic
                  | ancestry]
  9018 | Bailey   | Reached XP level 10. HP: 77/77 MP: 19/19
  9298 | Bailey   | Offered knowledge of Searing Ray by Vehumet.
  9301 | Bailey   | Reached ** piety under Vehumet
 10584 | D:9      | Reached skill level 7 in Spellcasting
 11253 | D:9      | Found a staircase to the Lair.
 11387 | D:9      | Gained mutation: You have hoof-like feet. [demonic
                  | ancestry]
 11387 | D:9      | Reached XP level 11. HP: 82/86 MP: 16/22
 11390 | D:9      | Offered knowledge of Dazzling Flash by Vehumet.
 11656 | D:9      | Reached *** piety under Vehumet
 11750 | D:9      | Found a burning altar of Makhleb.
 11753 | D:9      | Found a bloodstained altar of Trog.
 11756 | D:9      | Found a broken altar of Ashenzari.
 11860 | D:9      | Found an ancient bone altar of Kikubaaqudgha.
 11929 | D:9      | Learned a level 5 spell: Freezing Cloud
 11931 | D:10     | Entered Level 10 of the Dungeon
 12503 | D:10     | Noticed a four-headed hydra
 12507 | D:10     | Killed a four-headed hydra
 12508 | D:10     | Reached skill level 8 in Spellcasting
 13023 | D:10     | Identified the +4 falchion of Gozag's Whim {speed, Dex+3
                  | Stlth+}
 13035 | D:10     | Found a shimmering blue altar of Sif Muna.
 13348 | D:10     | Reached skill level 1 in Shields
 13356 | D:10     | Offered knowledge of Airstrike by Vehumet.
 13714 | D:11     | Noticed a four-headed hydra
 13718 | D:11     | Killed a four-headed hydra
 13864 | D:11     | Noticed a two-headed ogre
 13876 | D:11     | Killed a two-headed ogre
 14090 | D:11     | Noticed a two-headed ogre
 14097 | D:11     | Killed a two-headed ogre
 14382 | D:11     | Noticed a two-headed ogre
 14391 | D:11     | Killed a two-headed ogre
 14519 | D:11     | Noticed a six-headed hydra
 14522 | D:11     | Killed a six-headed hydra
 14523 | D:11     | Reached XP level 12. HP: 95/95 MP: 24/24
 14823 | D:12     | Reached **** piety under Vehumet
 15000 | D:12     | Reached skill level 5 in Shields
 15000 | D:12     | Reached skill level 9 in Spellcasting
 15349 | D:2      | Bought a fine spear for 216 gold pieces
 15349 | D:2      | Identified the +7 spear "Oryw" {pain, rC+ Str+8} (You
                  | bought it in a shop on level 2 of the Dungeon)
 15421 | D:4      | Killed Ijyb
 15421 | D:4      | Offered knowledge of Frozen Ramparts by Vehumet.
 15670 | D:12     | Noticed an eight-headed hydra
 15674 | D:12     | Killed an eight-headed hydra
 15836 | D:12     | Noticed Azrael
 15843 | D:12     | Killed Azrael
 15991 | D:12     | Reached skill level 10 in Fighting
 16024 | D:12     | Found a staircase to the Orcish Mines.
 16372 | D:12     | Reached ***** piety under Vehumet
 16383 | D:12     | Offered knowledge of Iron Shot by Vehumet.
 16391 | D:12     | Learned a level 6 spell: Iron Shot
 16696 | D:13     | Reached skill level 10 in Conjurations
 16703 | D:13     | Noticed a centaur warrior
 16706 | D:13     | Killed a centaur warrior
 16860 | D:13     | Noticed a centaur warrior
 16867 | D:13     | Killed a centaur warrior
 17042 | D:13     | Noticed a boulder beetle
 17051 | D:13     | Killed a boulder beetle
 17052 | D:13     | Reached skill level 10 in Earth Magic
 17310 | D:13     | Noticed a vault guard
 17319 | D:13     | Gained mutation: Your presence sometimes corrodes those you
                  | injure. [demonic ancestry]
 17319 | D:13     | Reached XP level 13. HP: 58/104 MP: 26/26
 17542 | D:13     | Reached skill level 10 in Spellcasting
 18150 | D:13     | Found a gate to the Vaults.
 19879 | D:14     | Learned a level 4 spell: Iskenderun's Mystic Blast
 19880 | D:15     | Entered Level 15 of the Dungeon
 20205 | Lair:1   | Entered Level 1 of the Lair of Beasts
 20755 | Lair:1   | Found a dark tunnel.
 20781 | Volcano  | Entered a volcano
 20926 | Volcano  | Gained mutation: You have hooves in place of feet. [demonic
                  | ancestry]
 20926 | Volcano  | Reached XP level 14. HP: 93/113 MP: 28/28
 21072 | Volcano  | Reached skill level 11 in Spellcasting
 21119 | Volcano  | Offered knowledge of Conjure Ball Lightning by Vehumet.
 21229 | Volcano  | Noticed an orb of fire
 21273 | Volcano  | Noticed an orb of fire
 21825 | Lair:1   | Learned a level 6 spell: Conjure Ball Lightning
 22343 | Lair:2   | Found a staircase to the Snake Pit.
 22660 | Lair:2   | Found a staircase to the Swamp.
 23125 | Lair:3   | You fall into a shaft and drop 2 floors!
 23125 | Lair:5   | Entered Level 5 of the Lair of Beasts
 23350 | Lair:5   | Found a gate leading to a gauntlet.
 23359 | Gauntlet | Entered a Gauntlet
 23359 | Gauntlet | Found a transporter.
 23359 | Gauntlet | Found a transporter.
 23359 | Gauntlet | Found a transporter.
 23395 | Gauntlet | Found a transporter.
 23395 | Gauntlet | Found a transporter.
 23406 | Gauntlet | Found a transporter.
 23408 | Gauntlet | Found a transporter.
 23410 | Gauntlet | Found a runed translucent door.
 23412 | Gauntlet | Found a runed translucent door.
 23413 | Gauntlet | Noticed a balrug
 23414 | Gauntlet | Found a transporter.
 23432 | Gauntlet | Found a transporter.
 23449 | Gauntlet | Found a transporter.
 23452 | Gauntlet | Found a transporter.
 23462 | Gauntlet | Found a transporter.
 23614 | Gauntlet | Offered knowledge of Starburst by Vehumet.
 23641 | Gauntlet | Killed a balrug
 23813 | Gauntlet | Identified the amulet "Naokonym" {Reflect Int+2 Dex+3 SH+5}
 23830 | Gauntlet | Identified the +4 flail "Lemiwn" {vamp, rC+ Int+2}
 23830 | Gauntlet | Identified the ring of the Morning {rPois Dex+4 SInv}
 23885 | Gauntlet | Identified the +0 robe "Zaweahuz" {+Inv rF+}
 23891 | Gauntlet | Identified the +5 dagger "Fokh" {elec, Str+2 Int+2 Dex+2}
 24270 | Lair:3   | Noticed gargbit's ghost (journeyman DgEE)
 24288 | Lair:3   | Found a runed translucent gate.
 24288 | Lair:3   | Found a runed translucent gate.
 24288 | Lair:3   | Found a runed translucent gate.
 25096 | Lair:3   | Reached skill level 12 in Spellcasting
 25098 | Lair:3   | Killed gargbit's ghost
 25285 | Lair:3   | Identified the ring "Zaestrees" {rN+ Str+4 Int+5 Dex-3}
 25663 | Lair:4   | Gained mutation: When hurt, damage is shared between your
                  | health and your magic reserves. [demonic ancestry]
 25663 | Lair:4   | Reached XP level 15. HP: 122/122 MP: 31/31
 25700 | Lair:4   | Found a viscous altar of Jiyva.
 25700 | Lair:4   | Found a staircase to the Slime Pits.
 25942 | Lair:4   | Found a shadowy altar of Dithmenos.
 26792 | Lair:5   | Offered knowledge of Orb of Destruction by Vehumet.
 26817 | Lair:5   | Learned a level 5 spell: Borgnjor's Vile Clutch
 26924 | Lair:5   | Reached skill level 13 in Spellcasting
 27359 | Lair:5   | Found a corrupted altar of Lugonu.
 27359 | Lair:5   | Found a one-way gate to the infinite horrors of the Abyss.
 27477 | Lair:5   | Reached skill level 14 in Spellcasting
 28143 | Orc:1    | Entered Level 1 of the Orcish Mines
 28310 | Orc:1    | Found a runed translucent door.
 28316 | Orc:1    | Noticed burt's ghost (journeyman DrCj)
 28348 | Orc:2    | Entered Level 2 of the Orcish Mines
 28348 | Orc:2    | Found a staircase to the Elven Halls.
 28354 | Orc:2    | Noticed Snorg
 28748 | Orc:2    | Killed Snorg
 29538 | Orc:2    | Reached skill level 1 in Necromancy
 29626 | Orc:2    | Found Kone's Weapon Emporium.
 29629 | Orc:2    | Offered knowledge of Spellforged Servitor by Vehumet.
 30127 | Orc:2    | Found Cicsurui's Weapon Emporium.
 30128 | Orc:2    | Found Giteuwoh's Distillery.
 30128 | Orc:2    | Found Mukilen's Antique Weapon Boutique.
 30147 | Orc:2    | Bought a potion of berserk rage for 75 gold pieces
 30147 | Orc:2    | Bought a potion of curing for 45 gold pieces
 30147 | Orc:2    | Bought a potion of curing for 45 gold pieces
 30147 | Orc:2    | Bought a potion of mutation for 120 gold pieces
 30147 | Orc:2    | Bought a potion of might for 60 gold pieces
 30263 | Orc:1    | Killed burt's ghost
 30669 | Snake:1  | Entered Level 1 of the Snake Pit
 31302 | Snake:1  | Noticed Kirke
 31309 | Snake:1  | Killed Kirke
 31380 | Snake:1  | Found Hisk's Antique Weapon Emporium.
 31485 | Snake:1  | Reached XP level 16. HP: 131/131 MP: 26/34
 31542 | Snake:1  | Noticed Mlioglotl
 31556 | Snake:1  | Found a runed translucent gate.
 31557 | Snake:1  | Found a runed translucent gate.
 31557 | Snake:1  | Found an opulent altar of Gozag.
 31558 | Snake:1  | Found a runed translucent gate.
 31607 | Snake:1  | Noticed t4s4d4r's ghost (adept DjEE)
 31609 | Snake:1  | Found Oboawyalei's Assorted Antiques.
 31820 | Snake:1  | Killed Mlioglotl
 32297 | Snake:2  | Reached skill level 5 in Necromancy
 32302 | Snake:1  | Offered knowledge of Ozocubu's Refrigeration by Vehumet.
 32312 | Snake:1  | Learned a level 7 spell: Ozocubu's Refrigeration
 32761 | Snake:2  | Reached skill level 15 in Spellcasting
 33561 | Snake:3  | Noticed Vashnia
 33566 | Snake:3  | Shot with a bolt by Vashnia

Illustrated notes

Levels and vault maps discovered:
D:1:      dpeg_arrival_refuge, layout_loops_ring
D:2:      layout_loops_ring, serial_shops, shop, hangedman_decor_growths,
          minmay_crystal_room, minmay_pentomino_r4
D:3:      layout_rooms, lemuel_round_altar, eat_drink_and_be_merry_uskayaw,
          mainiacjoe_overflow_boulevard, dreamdust_ecumenical_altar_statues
D:4:      layout_gridville, mainiacjoe_overflow_cross_hatched,
          nicolae_qazlal_general_emergency, mainiacjoe_overflow_chevrons,
          nicolae_shop_clearance, uniq_blork_the_orc, uniq_ijyb
D:5:      layout_basic, nicolae_hepliaklqana_monster_ancestors,
          biasface_ghost_orc_armoury, minmay_misc_feat_tiny,
          nicolae_shop_sticking_my_neck_out, uniq_prince_ribbit1
D:6:      layout_basic, minmay_temple_entry_mist, cheibrodos_sewer_entry_sluice,
          ebering_ghost_reflecting_pool
D:7:      layout_loops_cross, minmay_liquid_box, solitary_fountain
D:8:      layout_basic, mainiacjoe_overflow_paths, enter_bailey_4,
          nicolae_underground_beach
D:9:      layout_roguey, lemuel_coloured_pillars_altar,
          grunt_temple_overflow_diamond, minmay_lair_entry_grove
D:10:     minmay_opposing_rooms, layout_irregular_city, lemuel_doored_altar
D:11:     layout_irregular_city, kennysheep_generic_room_3
D:12:     layout_basic, zombieorc1_lemuel, uniq_azrael
D:13:     layout_loops_ring, grunt_vaults_entry_tiered
D:14:     layout_loops_cross, patterned_corridor
D:15:     hangedman_depths_entry_civil_slaughter, layout_basic,
          minmay_misc_feat_columns, uniq_nessos
Temple:   nicolae_temple_cloud_nine
Lair:1:   layout_chaotic_city, enter_volcano_2, infiniplex_staircase_pool
Lair:2:   layout_concentric_octagons, nicolae_swamp_entry_splash_gauntlet,
          guppyfry_snake_entry_island, serial_bayou_lagoon_a
Lair:3:   layout_cave_pods, maelrawn_ghost_gauntlet_escape,
          hangedman_lair_generics_rect
Lair:4:   layout_cave_pods, slime_entry_1, lemuel_oklob_altar,
          grunt_megastairs_2
Lair:5:   hellmonk_lair_end_abyssal_woods, layout_long_grid,
          gauntlet_entry_generic, grunt_megastairs_4
Snake:1:  layout_gridlike, ebering_ghost_gozag, serial_corexii_hall,
          chequers_hall_statues_corner_a, chequers_hall_statues_corner_a,
          chequers_hall_statues_y, serial_shops, shop,
          nicolae_snake_gridmaze_spiral, serial_bayou_crossing, uniq_kirke,
          uniq_mlioglotl
Snake:2:  layout_misc_corridors, st_stairs_7
Snake:3:  layout_grid_maze, uniq_jorgrun, uniq_vashnia
Orc:1:    layout_diamond_mine, ebering_ghost_reflecting_pool, basic_altar
Orc:2:    st_orc_elflike, layout_diamond_mine, nooodl_orcs_dogs, uniq_snorg

Skill      XL: |  1  2  3  4  5  6  7  8  9 10 11 12 13 14 15 16 |
---------------+-------------------------------------------------+-----
Transmutations | 1 3 |  3.0
Dodging        | 2 3 |  3.0
Stealth        | 2 3 |  3.0
Fighting       | 1 2 3 4 5 6 7 9 10 11 12 13 | 13.3
Earth Magic    | 3 4 5 6 7 9 10 11 12 | 12.6
Conjurations   | 1 2 3 4 5 6 7 9 10 11 12 13 | 13.1
Spellcasting   | 3 4 5 6 7 8 9 10 12 14 15 | 15.4
Poison Magic   | 2 3 |  3.0
Air Magic      | 1 3 |  3.0
Shields        | 4 7 9 |  9.0
Necromancy     | 4 5 |  5.1

Action                   |  1- 3 |  4- 6 |  7- 9 | 10-12 | 13-15 | 16-18 || total
-------------------------+-------+-------+-------+-------+-------+-------++-------
Melee: Dagger            |     4 |       |    26 |    41 |   135 |     8 ||   214
       Rapier            |    96 |    17 |       |       |       |       ||   113
       Punch             |     1 |       |     2 |       |       |       ||     3
       Spear             |       |    17 |       |     1 |       |       ||    18
       Falchion          |       |       |     7 |    12 |       |       ||    19
       Kick              |       |       |       |       |    38 |     5 ||    43
Throw: Dart              |       |     6 |       |       |       |       ||     6
 Cast: Sandblast         |    29 |    63 |    56 |    75 |    31 |       ||   254
       Stone Arrow       |       |    25 |   100 |   225 |   119 |       ||   469
       Mephitic Cloud    |       |       |     6 |    24 |    32 |       ||    62
       Olgreb's Toxic Ra |       |       |     4 |    10 |    48 |       ||    62
       Passwall          |       |       |     4 |       |     6 |       ||    10
       Freezing Cloud    |       |       |       |    32 |    63 |    13 ||   108
       Iron Shot         |       |       |       |     9 |   275 |    26 ||   310
       Iskenderun's Myst |       |       |       |       |    25 |       ||    25
       Conjure Ball Ligh |       |       |       |       |     8 |       ||     8
       Borgnjor's Vile C |       |       |       |       |    16 |    31 ||    47
Evoke: Wand              |       |       |     4 |     2 |       |       ||     6
  Use: Scroll            |       |     3 |     4 |    10 |    10 |     3 ||    30
       Potion            |       |       |       |     2 |     4 |       ||     6
 Stab: Sleeping          |     6 |       |       |       |       |       ||     6
       Paralysed         |     2 |     9 |    18 |    30 |    27 |     1 ||    87
       Invisible         |       |     1 |       |       |       |       ||     1
       Confused          |       |       |     1 |       |     1 |       ||     2
       Distracted        |       |       |       |       |     1 |       ||     1
Armor: Robe              |    24 |    10 |    25 |    35 |    44 |     3 ||   141
Dodge: Dodged            |   129 |    31 |    53 |    75 |    72 |     7 ||   367
Block: Buckler           |       |       |       |    10 |   101 |    21 ||   132
       Reflection        |       |       |       |       |     7 |     9 ||    16
